AoeStats
← jgmolina20

Yucatan

510408779Analyzed
2v2 RM · 20h ago on Sep 30, 2026· 32m 2s· 4 players
Game mode
Random Map
Map size
Medium (4 player)
Population
200
Speed
Normal
Resources
Standard
Victory
Conquest
Starting age
Dark Age
Ending age
Imperial Age
RankedLock teamsTeams togetherTeam positionsShared explorationLock speedFull tech treeHidden civsTurbo modeCheats
Victory
Defeat
🇺🇸 Cumans · United States
875
+15
🇨🇴 Persians · Colombia
781
+18
🇷🇺 Byzantines · Russia
857
-17
🇬🇪 Georgians · Georgia
836
-26
jgmolina20
10:23 Feudal Age
9:03 Loom
14:59 Bloodlines
17:05 Wheelbarrow
21:28 Double-Bit Axe
25:24 Town Watch
29:40 Castle Age
29:51 Forging
29:47 Scale Barding Armor
29:40 Light Cavalry
rojasfelix253
0:31 Loom
11:18 Feudal Age
16:36 Man-at-Arms
25:37 Castle Age
25:19 Wheelbarrow
25:16 Gold Mining
25:50 Long Swordsman
26:36 Fletching
30:25 Capped Ram
sssrwmi
0:39 Loom
11:08 Feudal Age
12:23 Double-Bit Axe
22:10 Stone Mining
22:12 Gold Mining
25:47 Castle Age
26:23 Scale Mail Armor
26:34 Forging
26:39 Bow Saw
sandrobliadze09
15:42 Feudal Age
20:11 Wheelbarrow
20:38 Wheelbarrow
19:54 Double-Bit Axe
20:07 Gold Mining
20:18 Stone Mining
Connection lost

Rejoining the realm…

Still unreachable

The connection could not be restored.

Session expired

The server has moved on; the page needs a fresh start.